[Event "Lliga Catalana DH 2023"]
[Site "Catalonia"]
[Date "2023.01.24"]
[Round "2.4"]
[White "Siebrecht, Sebastian"]
[Black "Gonzalez Rodriguez, Jorge A."]
[Result "1-0"]
[ECO "B44"]
[WhiteElo "2370"]
[BlackElo "2229"]
[Annotator "TA"]
[PlyCount "73"]
[EventDate "2023.01.24"]
[EventType "team-tourn"]
[EventCountry "ESP"]
[SourceTitle "playchess.com"]
[Source "ChessBase"]
[SourceQuality "1"]
[TimeControl "40/5400+30:1800+30"]

1. c4 Nf6 2. Nc3 e6 3. e4 c5 4. Nf3 Nc6 5. d4 cxd4 6. Nxd4 Bb4 7. Nxc6 bxc6 8. Qc2 e5 {[%emt 0:01:23] B44: Sicilian: Taimanov: 5 Nb5.} 9. Be2 {[%emt 0:01:15] [#]} Bc5 $146 ({Predecessor:} 9... O-O 10. O-O Bc5 11. Na4 Bd4 12. c5 d6 13. cxd6 Qxd6 14. Be3 Bxe3 15. fxe3 Be6 16. Rad1 {1-0 Vaibhav,S (2600)-Suvorov,A (2313) Titled Tuesday intern op 01st Sept blitz 2020 (7)}) 10. Bg5 h6 {[%emt 0:01:21] The position is equal.} 11. Bh4 d6 12. a3 Bd4 13. Bd3 g5 14. Bg3 Nh5 15. Ne2 Bb6 {[%emt 0:02:00] [#]} 16. c5 $1 Nxg3 17. cxb6 (17. hxg3 $11 dxc5 18. O-O-O) 17... Nxh1 $15 18. Qxc6+ Ke7 (18... Bd7 $15 19. Qxd6 f6) 19. b7 $11 Rb8 20. bxc8=Q Rxc8 {[%emt 0:00:32] [#]} (20... Qxc8 $11 {remains equal.} 21. Qxc8 Rhxc8) 21. Qb7+ (21. Qa6 $1 $16) 21... Rc7 $1 $14 22. Qa6 {[%emt 0:00:07][%mdl 1024] White has compensation.} Qb8 23. b4 Rhc8 24. Kf1 Rc6 {[%emt 0:04:02] [#]} 25. Qa5 a6 26. Kg1 $16 {[%emt 0:05:52][%cal Od3a6] Bxa6! would be deadly.} (26. Bxa6 $2 Qa7 $19) 26... Nxf2 27. Kxf2 Qa7+ 28. Kf1 {[%emt 0:02:22] White is more active.} Qe3 (28... d5 $16 29. Qxd5 Qc7) 29. Rd1 (29. Bxa6 Ra8 30. b5 Rc2 $11) 29... f5 $2 (29... Kf8 $16) 30. exf5 $18 {[%emt 0:02:19][%cal Be4f5,Bf5f6,Bf6f7][%mdl 32] Hoping for Qd5.} (30. Bxa6 Rf8 31. Qd5 fxe4+ 32. Ke1 Qf2+ 33. Kd2 Qxg2 $14) 30... e4 31. Bxa6 Ra8 32. b5 $2 (32. Qd5 $1 $18 Raxa6 33. Rd4 (33. Qe6+ Kd8 $11) 33... Rc1+ 34. Nxc1 Qxc1+ 35. Ke2 Qc2+ 36. Rd2) 32... Rc5 $11 (32... Rc2 $2 33. Qe1 $18) 33. f6+ (33. Ke1 $5 Rc2 $8 34. Rd2 Rc1+ 35. Rd1 $11) 33... Kf7 $2 (33... Kxf6 $11 34. Qb4 (34. Rxd6+ $2 Ke7 $19) 34... Rf5+ 35. Ke1 Qf2+ 36. Kd2 Rd5+ 37. Kc1 Qe3+ 38. Rd2 Rxd2 39. Qxd2 Qxa3+ 40. Kc2 Qa2+ 41. Kc3 Qa5+ 42. Kc2 Qa2+ 43. Kc3 Qa5+ 44. Kc2 Qa2+) 34. Rxd6 $18 {[%emt 0:00:32] Strongly threatening Qb4.} (34. Nd4 Qf4+ 35. Kg1 Qe3+ 36. Kf1 (36. Kh1 $2 Rc1 $19) 36... Qf4+ 37. Kg1 Qe3+ 38. Kf1 $11 (38. Kh1 $2 Rc1 $19)) 34... Rc2 $2 (34... Ra7 35. Qd2 Rf5+ 36. Ke1 Qxa3) 35. b6 {[%emt 0:00:30] White threatens Qd5+ and mate.} ({And not} 35. Qe1 Rxe2 36. Qxe2 Qf4+ 37. Kg1 (37. Ke1 Qxd6 38. Qh5+ Ke6 $11) 37... Qxd6 38. Qh5+ (38. Qxe4 Qc5+ 39. Kf1 Rf8 $17) 38... Ke6 39. Qh3+ Ke5 40. Qg3+ Ke6 41. Qh3+ Kf7 42. Qh5+ Ke6 43. Qh3+ $11) 35... Rxe2 36. Qd5+ Kg6 37. f7+ {[%emt 0:00:54] A cool game by Siebrecht.   Weighted Error Value: White=0.29 (precise) /Black=0.62} (37. Qxa8 $2 Qf2#) 1-0

[Event "Lliga Catalana DH 2023"]
[Site "Catalonia"]
[Date "2023.01.28"]
[Round "2.5"]
[White "Garrido Fernandez, Daniel"]
[Black "Rizouk, Aimen"]
[Result "1/2-1/2"]
[ECO "C47"]
[WhiteElo "2281"]
[BlackElo "2454"]
[Annotator "TA"]
[PlyCount "111"]
[EventDate "2023.01.24"]
[EventType "team-tourn"]
[EventCountry "ESP"]
[SourceTitle "playchess.com"]
[Source "ChessBase"]
[SourceQuality "1"]
[TimeControl "40/5400+30:1800+30"]

1. e4 e5 2. Nf3 Nc6 3. Nc3 Nf6 4. d4 exd4 5. Nxd4 Bb4 6. Nxc6 bxc6 7. Bd3 d5 8. exd5 cxd5 9. O-O O-O 10. h3 {Prevents Bg4. C47: Scotch Four Knights and Four Knights with 4 g3.} Rb8 11. Qf3 Bb7 {11...Be6 is setting a new trend.} 12. Bg5 Be7 {And now ...d4 would win.} 13. Qf5 {Strongly threatening Bxf6.} (13. Rfe1 $5 ) 13... Bc8 14. Qe5 Be6 {[#]} 15. Rad1 $146 ({Predecessor:} 15. b3 Nd7 16. Bxe7 Nxe5 17. Bxd8 Rfxd8 18. Rad1 c5 19. Be2 {½-½ Abdusattorov,N (2546)-Ragger,M (2687) Wch Blitz St Petersburg 2018 (20)}) 15... h6 (15... Rxb2 16. Nxd5 Qxd5 17. Bxh7+ (17. Qxb2 $2 Qxg5 18. Qc1 Qh4 $19) 17... Nxh7 18. Rxd5 Bxg5 19. Qxb2 $16) 16. Bh4 Rb4 (16... Rxb2 17. Nxd5 Rxa2 18. Nxc7 $16) 17. f4 c6 (17... Rxb2 18. Nxd5 Nxd5 19. Bxe7 (19. Qxb2 $2 Bxh4 20. c4 Qf6 $19) 19... Qxe7 20. Qxb2 $11) 18. Kh1 Re8 (18... Rxb2 19. Nxd5 Nxd5 20. Bxe7 (20. Qxb2 $2 Bxh4 21. c4 Ne3 $19) 20... Qxe7 21. Qxb2 $11) 19. Rde1 Qc8 ({Don't do} 19... Rxb2 20. Nxd5 Nxd5 21. Bxe7 $16 (21. Qxb2 $2 Bxh4 22. Re4 Bf6 $19)) (19... Bd7 $17 {White must now prevent ...Ne4.} 20. a3 Ne4 21. Qxe7 (21. axb4 $2 Bxh4 {[%mdl 64] Discovered Attack} 22. Qd4 Bxe1 $19) 21... Rxe7 22. axb4 Nf6) 20. a3 $11 Rb8 ({Much less strong is} 20... Rxb2 21. f5 Bd7 22. Nxd5 Nxd5 23. Bxe7 $16) 21. f5 Bd7 22. Qg3 (22. Qd4 $11) 22... Qd8 $15 23. b3 Nh5 {[%mdl 64] Discovered Attack} (23... Bxa3 $2 24. Rxe8+ Bxe8 25. Bxf6 Qxf6 26. Qxb8 $18) 24. Qg4 Bxh4 25. Rxe8+ Bxe8 26. Qxh5 Bf6 27. Ne2 Qe7 28. Nf4 Qxa3 29. Qf3 Qd6 30. Nh5 Rb7 (30... a5 $17) 31. Qg4 Kf8 (31... Bd7 {simplifies} 32. Nxf6+ Qxf6 33. Qa4 c5) 32. Re1 Re7 33. Rxe7 Qxe7 34. Nxf6 Qxf6 $17 {[%mdl 4096] Endgame KQB-KQB} 35. Qb4+ Qe7 36. Qb8 f6 37. Qc8 Kf7 38. Qa8 Qe1+ 39. Kh2 Qe5+ 40. Kh1 Qc7 41. b4 (41. Be2 $17 Ke7 42. Bd3) 41... Qe7 42. b5 $2 (42. g3 $17) 42... Qe1+ $2 (42... cxb5 $19 {has better winning chances. Hoping for ...b4.} 43. Qxd5+ Kf8) 43. Kh2 Qe5+ 44. Kh1 cxb5 45. Qxa7+ Kg8 46. Qb7 d4 47. Be4 {[#]} Kh7 (47... Bf7 $142 $1 48. Bd3 Bc4 49. Bxc4+ bxc4 50. Qc8+ Kh7 51. Qxc4 Qxf5 52. Qxd4 Qxc2) 48. Bd5 {[#]} h5 (48... Qxf5 $2 49. Be4 $18) ({Black should play} 48... Qe3 $1 $17 {[%cal Re3c1] aiming for ...Qc1+.} 49. Qa8 d3 50. cxd3 Bf7 51. Bxf7 Qc1+ 52. Kh2 Qc7+ 53. Kh1 Qxf7) 49. Be6 $11 {The position is equal.} Qc5 50. Qa8 Qc6 51. Qd8 Kh6 52. Qe7 Qxc2 {( -> ...Bc6)} 53. Qxe8 {[%csl Gf5][%cal Re8g6] Active counter play!} Qc1+ 54. Kh2 Qf4+ 55. Kg1 Qc1+ 56. Kh2 {Black had all chances to win.   Weighted Error Value: White=0.14 (very precise) /Black=0.14 (very precise)} 1/2-1/2

[Event "Lliga Catalana DH 2023"]
[Site "Catalonia"]
[Date "2023.01.24"]
[Round "2.5"]
[White "Pi Pares, Albert"]
[Black "Sabria Batlle, Pol"]
[Result "0-1"]
[ECO "D02"]
[WhiteElo "2252"]
[BlackElo "2298"]
[Annotator "TA"]
[PlyCount "88"]
[EventDate "2023.01.24"]
[EventType "team-tourn"]
[EventCountry "ESP"]
[SourceTitle "playchess.com"]
[Source "ChessBase"]
[SourceQuality "1"]
[TimeControl "40/5400+30:1800+30"]

1. d4 Nf6 2. Bf4 e6 3. e3 c5 4. Nd2 Nc6 5. c3 Be7 6. h3 d5 7. Ngf3 Bd6 {[%emt 0:00:04] D02: 1 d4 d5 2 Nf3 sidelines, including 2...Nf6 3 g3 and 2...Nf6 3 Bf4.} 8. dxc5 Bxc5 9. Bd3 Bd6 {[%emt 0:13:25] The position is equal.} 10. Bxd6 Qxd6 11. e4 O-O 12. O-O Rd8 13. Bc2 {[%emt 0:04:41] [#]} e5 $146 ({Predecessor:} 13... dxe4 14. Nxe4 Qe7 15. Qe2 Bd7 16. Rad1 Be8 17. Nxf6+ Qxf6 18. h4 g6 19. Qe3 h5 {1-0 So,W (2778)-Caruana,F (2816) Paris GCT rapid 2018 (1)}) 14. Re1 d4 15. cxd4 Nxd4 16. Nxd4 Qxd4 17. Nf3 Qb6 18. Qe2 Qxb2 19. Ng5 Be6 20. Nxe6 $1 fxe6 21. Bb3 Qxe2 22. Bxe6+ Kf8 23. Rxe2 Ke7 24. Bb3 Rac8 25. Kf1 Rd4 26. Rae1 Rc3 27. Rc2 Rxc2 ({Don't take} 27... Nxe4 28. Rxe4 Rxb3 29. Rxe5+ Kf6 30. axb3 $14) 28. Bxc2 $15 {[%emt 0:00:03][%mdl 4096] Endgame KRB-KRN} Rc4 29. Bd3 Rc3 30. Ke2 Ra3 31. Bb1 Ne8 32. Rd1 Nc7 33. Rd3 Ra4 34. Rb3 b6 35. g3 Ne6 {[%emt 0:00:10] Strongly threatening ...Nd4+.} 36. Ke3 Rc4 37. Bd3 Rc1 38. Ra3 (38. Kd2 $11 Rc8 39. Rc3 Rxc3 40. Kxc3) 38... a5 39. Rb3 (39. Kd2 $15 Ra1 40. Bc4) 39... Nc5 $1 $17 40. Ra3 {[%emt 0:00:01] [#]} (40. Rxb6 $2 {is the wrong capture.} Rc3 41. Rb5 Nxd3 $19) 40... g5 $1 {[%emt 0:00:22][%cal Bg7g5,Bg5f4][%mdl 32] Black is more active.} 41. f4 $2 {[%emt 0:31:00] [#] Loses the game.} (41. Bb5 $17) 41... gxf4+ $1 $19 42. gxf4 $2 (42. Kf3) 42... Rh1 {[%emt 0:00:12] Black is clearly winning.} 43. Be2 (43. h4 $142 exf4+ 44. Kxf4) 43... Rxh3+ 44. Bf3 Ne6 {[%emt 0:00:43] Weighted Error Value: White=0.24 (precise) /Black=0.03 (flawless)} 0-1

[Event "Lliga Catalana DH 2023"]
[Site "Catalonia"]
[Date "2023.01.28"]
[Round "2.6"]
[White "Lorenzo De La Riva, Lazaro"]
[Black "Alvarez Albiol, Victor"]
[Result "1/2-1/2"]
[ECO "E52"]
[WhiteElo "2420"]
[BlackElo "2195"]
[Annotator "TA"]
[PlyCount "116"]
[EventDate "2023.01.24"]
[EventType "team-tourn"]
[EventCountry "ESP"]
[SourceTitle "playchess.com"]
[Source "ChessBase"]
[SourceQuality "1"]
[TimeControl "40/5400+30:1800+30"]

1. d4 Nf6 2. c4 e6 3. Nc3 Bb4 4. e3 O-O 5. Bd2 d5 6. Nf3 b6 7. cxd5 exd5 8. Bd3 Bb7 9. O-O Nbd7 10. Rc1 a6 {E52: Nimzo-Indian: Rubinstein: 4...0-0 5 Nf3 d5 6 Bd3 b6.} 11. Ne5 Re8 12. f4 c5 {White is slightly better.} 13. Be1 cxd4 14. exd4 Bxc3 {[#]} 15. Rxc3 $146 {Black must now prevent Bh4.} ({Predecessor:} 15. Bxc3 Ne4 16. Qb3 Ndf6 17. Ba5 bxa5 18. Qxb7 Re7 19. Qc6 Re6 20. Qc7 Qe8 21. Qxa5 {1-0 Jimenez Ruano,A (2262)-Hernandez,C (2374) Barcelona IM 16th 2021 (1)}) 15... Ne4 16. Qh5 Re7 (16... g6 $14 17. Qh6 Nxc3) 17. Bxe4 (17. Bh4 $16 f6 18. Nc6 Bxc6 19. Rxc6) 17... dxe4 $14 18. Bh4 {White is much more active. The black rooks are badly placed.} ({Better is} 18. Rg3 $14) 18... f6 $11 19. Rd1 Qe8 (19... fxe5 $2 20. dxe5 Qe8 21. Qxe8+ Rexe8 22. Rxd7 $18) 20. Qxe8+ (20. Qg4 {is interesting.} Bd5 21. b3 Rd8 22. Nc4) 20... Raxe8 {Black is weak on the dark squares} 21. Nc4 Rc8 ({Resist} 21... e3 22. Nd6 Rb8 23. Rc7 $16) 22. Nd6 Rxc3 23. bxc3 Bd5 (23... Ba8 $14 {deserves consideration.}) 24. Nf5 (24. c4 $16 Bf7 25. Kf2) 24... Re8 $1 25. Ne3 {Against b5} Bf7 26. c4 Rc8 27. Rc1 b5 28. c5 {next Be1 is good for White.} Nb6 $1 29. Be1 Nd5 (29... Bxa2 $2 30. cxb6 Rb8 31. Ra1 $18) 30. Nxd5 Bxd5 {[%mdl 4096] Endgame KRB-KRB} 31. Kf2 Kf7 32. Ke3 f5 33. a3 h6 34. Ba5 g5 35. g4 fxg4 36. fxg5 hxg5 37. Rg1 Rh8 38. Bc7 Rh3+ 39. Bg3 Ke6 40. Rf1 Rh7 41. Rf8 Rf7 42. Re8+ (42. Rd8 $1 $11 Rd7 43. Re8+ Kf7 44. Rb8) 42... Kd7 $15 43. Re5 Rf3+ 44. Kd2 Rd3+ 45. Ke1 Rxd4 {Threatens to win with ...Rd3.} (45... Kc6 {keeps more tension.} 46. Rxg5 e3 47. Rg6+ Kb7) 46. Rxg5 a5 (46... Rd3 $5 47. Rg6 Bc6 $17) 47. Rg6 b4 (47... Rd3 $11) 48. Rd6+ Ke7 49. axb4 axb4 {[#]} (49... a4 $1 $11) 50. Bh4+ (50. c6 $1 $16 {[%cal Rc6c7] c7 would be deadly.} Rd3 51. c7) 50... Kf7 $14 51. Rf6+ (51. c6 $14) 51... Ke8 $11 {The position is equal.} 52. Rb6 (52. Rd6 {is more complex.} b3 53. Bf6 b2 54. Rb6) 52... Rc4 53. Bf2 b3 54. Rxb3 Rc1+ 55. Kd2 {[#] And now Rb8+ would win.} Bxb3 56. Kxc1 Kd7 57. Kd2 Kc6 58. Ke3 Kd5 {Weighted Error Value: White=0.13 (very precise) /Black=0.12 (very precise)} 1/2-1/2

[Event "Lliga Catalana DH 2023"]
[Site "Catalonia"]
[Date "2023.01.24"]
[Round "2.6"]
[White "Triadu Cassa, Jordi"]
[Black "Banos, Oscar"]
[Result "1-0"]
[ECO "B33"]
[WhiteElo "2195"]
[BlackElo "2198"]
[Annotator "TA"]
[PlyCount "139"]
[EventDate "2023.01.24"]
[EventType "team-tourn"]
[EventCountry "ESP"]
[SourceTitle "playchess.com"]
[Source "ChessBase"]
[SourceQuality "1"]
[TimeControl "40/5400+30:1800+30"]

1. e4 c5 2. Nf3 Nc6 3. d4 cxd4 4. Nxd4 Nf6 5. Nc3 e5 6. Ndb5 d6 7. Bg5 a6 8. Na3 b5 9. Nd5 Be7 10. Bxf6 Bxf6 11. c4 b4 {[%emt 0:00:41] B33: Sicilian: Pelikan and Sveshnikov Variations.} 12. Nc2 O-O 13. g3 Rb8 {[%emt 0:00:58] The position is equal.} 14. b3 a5 15. Bg2 g6 16. O-O Bg7 17. Nde3 Be6 18. Qd3 Qd7 19. Rad1 Rbd8 {[%emt 0:07:34] [#]} 20. Rd2 $146 ({Predecessor:} 20. a3 bxa3 21. Nxa3 Nd4 22. Nec2 Nxc2 23. Qxc2 Qc6 24. Rd3 Qc5 25. Nb5 a4 26. bxa4 Qxc4 {½-½ Miler,F (1479)-Bem,T (1262) POL-ch U15 Qual 2021 (4)}) 20... f5 21. exf5 gxf5 22. Bd5 f4 23. Bxe6+ (23. Nf5 $5 Kh8 24. Nxg7 Kxg7 25. Be4 $14) 23... Qxe6 24. Qd5 Qxd5 25. Nxd5 fxg3 26. hxg3 Bh6 27. Nde3 Bxe3 28. Nxe3 Nd4 {[%emt 0:02:13] ...Nf3+ would be deadly.} 29. Kg2 a4 30. Nc2 Nxc2 (30... axb3 $2 31. Nxd4 exd4 32. axb3 $18) 31. Rxc2 axb3 32. axb3 $14 {[%emt 0:00:01][%mdl 4096] Endgame KRR-KRR} Ra8 33. Rd1 Rf6 34. Rd5 $1 Rb8 35. Rcd2 Rb6 36. c5 dxc5 37. Rxc5 ({Don't take} 37. Rxe5 Rbd6 38. Rg5+ (38. Rxd6 Rxd6 39. Rg5+ Kh8 $11) 38... Rg6 39. Rxg6+ (39. Rxd6 Rxg5 40. f4 Rg6 $14) 39... Rxg6 $14) 37... Kg7 $2 {[%emt 0:10:07] Loses the game.} (37... Rbd6 $16 {was necessary.} 38. Rxd6 Rxd6) 38. Rxe5 Rfc6 39. Rd4 Rc3 40. Rg4+ Kf6 41. Re3 Rxe3 42. fxe3 $18 {[%emt 0:00:01] KR-KR} Kf5 43. Kf3 Ke5 (43... Rb8 $16 44. Rh4 Kg6) 44. Rg5+ Kf6 (44... Kd6 $16 45. Rh5 Rb7) 45. Kf4 h6 (45... Rb7 {keeps fighting.} 46. Re5 h6) 46. Rc5 Ke6 47. Rh5 Kf7 48. e4 Kg7 49. Rd5 Rf6+ 50. Rf5 {[%emt 0:01:08] Rxf6 would kill now.} Rb6 51. Rc5 (51. g4 $142) 51... Rf6+ 52. Ke3 Rg6 53. Rc7+ Kf8 54. Kf4 {[%emt 0:04:36] Strongly threatening Rc5.} Rf6+ {[%emt 0:00:14] [#]} 55. Kg4 $1 Rg6+ {[%emt 0:00:45] [#]} 56. Kh4 $1 Re6 57. Rc4 Rb6 (57... Rg6 $142 58. Rxb4 h5) 58. Kg4 Kg7 59. e5 Kg6 60. Rd4 {[%emt 0:00:23] White wants to mate with Rd6+.} h5+ 61. Kf4 {[%emt 0:00:10] aiming for Rd6+.} Rb5 62. Rd6+ Kg7 $2 (62... Kf7 63. Rh6 Rd5) 63. Kf5 {[%emt 0:04:51] Black must now prevent Rd7+.} Rc5 $2 (63... Rb7 64. Rg6+ Kf8) 64. Rd7+ Kf8 65. Kf6 {[%emt 0:01:24][%cal Rd7d8] White mates.} Ke8 66. Rh7 Rc3 67. Rh8+ Kd7 68. e6+ ({Stronger than} 68. Rxh5 Rxg3 69. Kf5 (69. e6+ Kd6 $11) 69... Rxb3 $11) 68... Kc7 69. e7 Rf3+ 70. Kg5 {[%emt 0:00:25] Weighted Error Value: White=0.07 (flawless) /Black=0.17 (very precise)} 1-0

[Event "Lliga Catalana DH 2023"]
[Site "Catalonia"]
[Date "2023.01.28"]
[Round "2.7"]
[White "Arias Boo, Guillermo"]
[Black "Alonso Moyano, Jonathan"]
[Result "0-1"]
[ECO "A25"]
[WhiteElo "2216"]
[BlackElo "2339"]
[Annotator "TA"]
[PlyCount "66"]
[EventDate "2023.01.24"]
[EventType "team-tourn"]
[EventCountry "ESP"]
[SourceTitle "playchess.com"]
[Source "ChessBase"]
[SourceQuality "1"]
[TimeControl "40/5400+30:1800+30"]

1. c4 e5 2. g3 Nc6 3. Bg2 f5 4. Nc3 Nf6 5. e3 Be7 6. Nge2 O-O {A25: English Opening vs King's Indian with ...Nc6 but without early d3.} 7. d4 d6 8. O-O Qe8 {White is slightly better.} 9. Nd5 Bd8 10. b3 {[#]} g5 $146 ({Predecessor:} 10... a5 11. Bb2 e4 12. Nef4 Nxd5 13. cxd5 Ne7 14. f3 g5 15. Ne6 Nxd5 16. Nxf8 Nxe3 {½-½ Rotstein,A (2465)-Eingorn,V (2575) Metz op 11th 1993}) 11. Bb2 Qg6 12. dxe5 dxe5 13. f4 Re8 (13... gxf4 $142 14. gxf4 (14. exf4 e4 $14) 14... e4) 14. Qc2 h6 $2 (14... gxf4 $16 {is a better defense.} 15. gxf4 (15. exf4 e4 $14) 15... e4) 15. Rad1 $18 gxf4 16. exf4 e4 17. Bxf6 {[%mdl 64] [#] Deflection} Bxf6 18. Nxc7 Be6 19. Nxa8 Rxa8 20. a3 (20. Rd6 $6 Be7 21. Rdd1 Qg7) 20... a5 21. Qc1 (21. Rd6 $6 Be7 22. Rfd1 Bxd6 23. Rxd6 Rd8 24. Rxd8+ Nxd8 $16) 21... h5 22. Kh1 Kf7 (22... a4 {keeps fighting.}) 23. Qe3 (23. Rd6 $6 Be7 $18) 23... Rh8 24. Qb6 a4 $2 (24... Qg4) 25. Qxb7+ (25. bxa4 h4 26. Rd6 (26. Qxb7+ Ne7 $18) 26... hxg3 $18) 25... Ne7 26. Rd6 {[%cal Og2e4] Threatens to win with Bxe4!} (26. bxa4 h4 $18) 26... h4 27. h3 ({Not} 27. bxa4 hxg3 28. h3 Bxc4 $18) 27... hxg3 28. Rc1 $2 ({Resist} 28. bxa4 Bxc4 29. Re1 Kg7 $18) (28. Qa6 $18 Bg7 29. bxa4) 28... Rh4 {The board is on fire.} (28... Qg4 $17 29. Ng1 Qxf4) 29. Qb6 Nc8 $1 30. Qc7+ Ne7 $1 {Hoping for ...Qh6.} 31. Rb6 {And now Qd6 would win.} Qh6 $1 {( -> ...Rxh3+)} 32. Qd6 $2 (32. Nxg3 $2 {perishes.} Rxh3+ 33. Kg1 Bd4+ 34. Kf1 Bxb6 35. Nxe4 Bxc7 $19) (32. Ng1 $11) 32... Rxh3+ $1 33. Kg1 {[#]} Rh1+ $3 {[%mdl 576] Decoy. Beautiful play by Alonso Moyano!   Weighted Error Value: White=0.42/Black=0.28 (precise)} 0-1

[Event "Lliga Catalana DH 2023"]
[Site "Catalonia"]
[Date "2023.01.24"]
[Round "2.7"]
[White "Ibanez Tarradellas, Eduardo"]
[Black "Aymerich Verdaguer, Eduard"]
[Result "1/2-1/2"]
[ECO "A45"]
[WhiteElo "2179"]
[BlackElo "2208"]
[Annotator "TA"]
[PlyCount "37"]
[EventDate "2023.01.24"]
[EventType "team-tourn"]
[EventCountry "ESP"]
[SourceTitle "playchess.com"]
[Source "ChessBase"]
[SourceQuality "1"]
[TimeControl "40/5400+30:1800+30"]

1. d4 Nf6 2. Bg5 Ne4 3. Bf4 d5 4. e3 c5 5. Bd3 Nf6 6. c3 {[%emt 0:02:13] A45: Trompowsky Attack.} Nc6 7. Nd2 g6 8. h3 {[%emt 0:04:51] White has an edge.} Bg7 9. Ngf3 O-O 10. O-O Qb6 {[%emt 0:03:58] [#]} 11. Qb3 $146 ({Predecessor:} 11. b3 Nd7 12. Rb1 a5 13. Qc2 cxd4 14. Nxd4 Na7 15. N4f3 e5 16. Bg3 e4 17. Nxe4 dxe4 18. Bxe4 {0-1 Zimmermann,J (1610)-Peschke,I (2198) PER LIPEAD40 pr-44 email 2012}) 11... c4 12. Qxb6 axb6 13. Bc2 Bf5 14. Bxf5 gxf5 15. Ne5 b5 16. a3 Nxe5 17. Bxe5 Ne4 18. Bxg7 Kxg7 19. Nxe4 {[%emt 0:01:53] A rather calm draw.   Weighted Error Value: White=0.08 (flawless) /Black=0.10 (very precise)} 1/2-1/2

[Event "Lliga Catalana DH 2023"]
[Site "Catalonia"]
[Date "2023.01.24"]
[Round "2.8"]
[White "Balague Camps, Marc"]
[Black "Serra Pages, Jordi"]
[Result "1/2-1/2"]
[ECO "D36"]
[WhiteElo "2207"]
[BlackElo "2164"]
[Annotator "TA"]
[PlyCount "141"]
[EventDate "2023.01.24"]
[EventType "team-tourn"]
[EventCountry "ESP"]
[SourceTitle "playchess.com"]
[Source "ChessBase"]
[SourceQuality "1"]
[TimeControl "40/5400+30:1800+30"]

1. d4 Nf6 2. c4 e6 3. Nc3 d5 4. cxd5 exd5 5. Bg5 Be7 6. e3 c6 7. Qc2 Nbd7 8. Bd3 h6 9. Bh4 Nh5 10. Bxe7 {[%emt 0:01:47] D36: Queen's Gambit Declined: Exchange Variation: Main line (5 Bg5 c6 6 Qc2).} Qxe7 11. Nge2 Ndf6 12. h3 {[%emt 0:03:42] White has an edge.} g5 (12... g6 $11) 13. O-O-O {[%emt 0:11:16] [#]} Be6 $146 ({Predecessor:} 13... Bd7 14. g4 Ng7 15. Ng3 O-O-O 16. Rhe1 Qb4 17. a3 Qa5 18. Nf5 Nxf5 19. Bxf5 Qc7 {1-0 Wiese,F (1965)-Manke,K (1803) Mecklenburg VP Landesliga Ost 1920 2019 (2.2)}) 14. Kb1 (14. g4 $5 Ng7 $8 15. f4 $14) 14... O-O-O 15. g4 Ng7 16. Ng3 h5 17. f3 Kb8 18. Na4 Bc8 19. Qd2 Rde8 (19... h4 $15 20. Nf1 Nfe8) 20. Rde1 Qc7 (20... h4 $5 21. Nf1 Qd6 $11) 21. Nf5 (21. Qf2 $11) 21... Nxf5 $15 22. gxf5 Qg3 (22... g4 $15 23. e4 gxf3) 23. Rc1 (23. Reg1 $11 {keeps the balance.} Qh4 24. Nc3) 23... Qd6 (23... Qxf3 24. Qh2+ Ka8 25. Nb6+ axb6 26. Rc3 $18) 24. Rc5 (24. Rhg1 $15) 24... g4 $1 $19 25. hxg4 hxg4 {[%emt 0:00:11][%mdl 64] Discovered Attack} 26. Rxh8 Rxh8 27. fxg4 Nxg4 28. Rc1 Rh2 29. Qe1 Nf2 (29... Rh3 $17 30. Nc5 Nxe3) 30. Bc2 $1 $15 Qg3 31. Qb4 $1 Rh1 (31... Qxe3 $2 32. Qd6+ Ka8 33. Qxh2 $18) (31... Rh8 $17 32. Qe7 Ng4) 32. Rxh1 $11 Nxh1 33. a3 {[%emt 0:00:05] Qf8 is the strong threat.} b6 34. Qe7 Qc7 35. Qf6 Ng3 36. Nc3 Qd7 37. Ka2 Kc7 38. Qe5+ Qd6 {[%emt 0:00:04] White must now prevent ...Qxe5.} 39. Qg7 Nxf5 40. Bxf5 Bxf5 41. Qxf7+ {[%emt 0:30:02][%mdl 4096] Endgame KQB-KQN} Qd7 42. Qf8 Kb7 43. Ne2 Bd3 44. Nf4 Bf5 45. Kb3 {[%emt 0:01:21] [#]} (45. Ne2 $11 {remains equal.}) 45... c5 46. Kc3 {[%emt 0:00:09] Active counter play!} c4 47. Qg8 $2 (47. a4 $11) 47... Be4 $19 48. Ne6 $2 {[%emt 0:01:05] [#]} (48. Qg1) 48... Qa4 $1 49. Qf7+ Ka6 {[%emt 0:00:06] ( -> ...Qc2+)} 50. Kd2 Qc2+ 51. Ke1 Qc1+ 52. Kf2 Qxb2+ 53. Ke1 Qc1+ (53... c3 $142 54. Nc7+ {[%mdl 64] Discovered Attack} Ka5 55. Nxd5 Qd2+ 56. Kf1 Qg2+ 57. Ke1 Bxd5 58. Qxa7+ Kb5 59. a4+ Kc4 60. Qa6+ Kb3 61. Qb5+ Ka3 62. Qe2 Qg1+ 63. Qf1 Qxf1+ 64. Kxf1 c2 65. Kg1 c1=Q+ 66. Kf2 Qc2+ 67. Kg3 Qe4 68. a5 bxa5 69. Kh3 Qg2+ 70. Kh4 Bf3 71. e4 Qg4#) 54. Kf2 Qd2+ 55. Kf1 Bd3+ (55... Qg2+ $142 56. Ke1 Bf3 57. Qxf3 Qxf3 58. Nd8 Qxe3+ 59. Kf1 c3 60. Nc6 Kb7 61. Nb4 Qd2 62. a4 a5 63. Nd3 Qxd3+ 64. Kf2 c2 65. Kg2 c1=Q 66. Kh2 Qcd2+ 67. Kh1 Qf1#) 56. Kg1 Qxe3+ 57. Kh2 Qe2+ 58. Kg3 Qe1+ 59. Kg4 Be2+ 60. Kg5 Qg3+ 61. Kh6 Qh4+ 62. Kg7 Qg4+ 63. Kh6 Qh4+ 64. Kg7 Qg3+ 65. Kh6 $1 Bf3 $2 ({Better is} 65... c3 $19 {...c2 would be deadly.} 66. Qd7 Ka5) 66. Qd7 $11 {[%emt 0:01:36] The position is equal.} Qh2+ 67. Kg7 {[%emt 0:00:11] aiming for Nc7+.} Qb2 68. Qa4+ Kb7 69. Qd7+ Ka6 {[%emt 0:00:09] Hoping for ...Qb3.} 70. Qa4+ Kb7 71. Qd7+ {[%emt 0:00:14] And White is the lucky defender.   Weighted Error Value: White=0.61/Black=0.69} 1/2-1/2